 Dungeon Crawl Stone Soup version 0.17-a0-1650-gce8475a (webtiles) character file.

221 karlkraus the Shield-Bearer (level 5, -5/47 HPs)
             Began as a Minotaur Fighter on Aug 13, 2015.
             Killed by divine providence
             ... invoked by an orc priest
              (13 damage)
             ... on level 3 of the Dungeon.
             The game lasted 00:02:50 (1918 turns).

karlkraus the Shield-Bearer (Minotaur Fighter)      Turns: 1918, Time: 00:02:50

Health: -5/47      AC:  7    Str: 21    XL:     5   Next: 65%
Magic:  4/4        EV:  8    Int:  5    God:
Gold:   66         SH: 10    Dex: 10    Spells: 0 memorised, 4 levels left

rFire  . . .     SeeInvis .     a - +0 flail
rCold  . . .     Clarity  .     b - +0 scale mail
rNeg   . . .     SustAt   .     c - +0 shield
rPois  .         Gourm    .     (helmet restricted)
rElec  .         Spirit   .     (no cloak)
rCorr  .         Warding  .     (no gloves)
rMut   .         Stasis   .     (no boots)
MR     .....                    (no amulet)
Stlth  ..........               (no ring)
                                (no ring)

@: not resistant to hostile enchantments, extremely unstealthy
A: retaliatory headbutt, horns 2
a: no special abilities


You were on level 3 of the Dungeon.
You were hungry.

You visited 1 branch of the dungeon, and saw 3 of its levels.

You collected 66 gold pieces.

Inventory:

Hand weapons
 a - a +0 flail (weapon)
Armour
 b - a +0 scale mail (worn)
 c - a +0 shield (worn)
Jewellery
 i - an uncursed ring of fire {unknown}
Magical devices
 p - a wand of teleportation (3)
Scrolls
 h - 2 scrolls of enchant weapon {unknown}
 j - 5 scrolls of identify {unknown}
 k - a scroll of teleportation {unknown}
 n - 3 scrolls of remove curse {unknown}
 o - 3 scrolls of recharging {unknown}
 r - a scroll of random uselessness {unknown}
 s - a scroll of immolation {unknown}
 t - 2 scrolls of magic mapping {unknown}
Potions
 d - 2 potions of might
 f - 2 potions of invisibility {unknown}
 g - 2 potions of curing
 m - a potion of ambrosia {unknown}
 u - a potion of heal wounds {unknown}
Comestibles
 e - 2 bread rations
 l - 2 meat rations
 q - a beef jerky
 v - a chunk of flesh


   Skills:
 + Level 4.7 Fighting
 + Level 3.5 Maces & Flails
 + Level 4.7 Armour
 + Level 2.2 Dodging
 + Level 0.3 Stealth
 + Level 5.0 Shields


You had 4 spell levels left.
You didn't know any spells.

Dungeon Overview and Level Annotations

Branches:
Dungeon (3/15)

Altars:


Innate Abilities, Weirdness & Mutations

You reflexively headbutt those who attack you in melee.
You have a pair of horns on your head.


Message History

* * * LOW HITPOINT WARNING * * *
You are too injured to fight recklessly!
You are too injured to fight recklessly!
You are too injured to fight recklessly!
You are too injured to fight recklessly!
You are too injured to fight recklessly!
You block the orc priest's attack.
Items here: )) [ † a dagger of venom; a robe; a club; an orc corpse Your shield and scale mail prevent you from hitting the orc priest.
Your headbutt misses the orc priest.
The orc priest is moderately wounded.
The orc priest barely misses you. You furiously retaliate!
You headbutt the orc priest. You sock the orc priest!
You kill the orc priest!
Your Shields skill increases to level 5!
The orc priest invokes the aid of Beogh against you.
Something smites you!
You die...

#. ## .. .#
###.##.## #
#.......#.#
#.#...... #.##o..
#######.##)##.#
#.....?...@...#
#.#.......##.####
#.#.......##.#
#.#.....(.##.##
#.#.............
#####.####.##..#.##.
......###.#.#..#.#
......##.###...#..
#....>.## #..#


You could see an orc priest.

Vanquished Creatures
  An orc priest (D:3)
  3 orc wizards (D:3)
  5 adders
  A worm (D:2)
  A giant gecko (D:1)
  6 orcs (D:3)
  A ball python (D:3)
  3 bats
  6 hobgoblins
  6 jackals (D:2)
  9 kobolds
  2 giant cockroaches
  4 giant newts (D:2)
  6 goblins
  6 rats
60 creatures vanquished.

Notes
Turn   | Place    | Note
--------------------------------------------------------------
     0 | D:1      | karlkraus the Minotaur Fighter began the quest for the Orb.
     0 | D:1      | Reached XP level 1. HP: 19/19 MP: 0/0
   184 | D:1      | Reached XP level 2. HP: 18/27 MP: 1/1
   273 | D:1      | Reached skill level 4 in Fighting
   775 | D:2      | Reached XP level 3. HP: 33/33 MP: 2/2
  1126 | D:2      | Reached skill level 1 in Dodging
  1258 | D:2      | Reached XP level 4. HP: 40/40 MP: 3/3
  1821 | D:3      | Reached XP level 5. HP: 37/47 MP: 4/4
  1918 | D:3      | Reached skill level 5 in Shields
  1918 | D:3      | Killed from afar by an orc priest

Vault maps used:
D:1:      lightli_arrival_flooded_house
D:2:      first_bread
D:3:      lemuel_doored_altar

Action                   |  1- 3 |  4- 6 || total
-------------------------+-------+-------++-------
Melee: Flail             |    88 |    80 ||   168
  Use: Potion            |       |     1 ||     1
  Eat: Chunk             |       |     3 ||     3
